General information
- name: BNet
- type: Ladder team game (AT/RT)
- host: Battle.net
- saver: goodluckbadluck
map: GolemsInTheMist
- players: 8
- length: 43:31
- speed: Fast
- version: 1.28 W3XP
- replay type: Public
» download(299 KB)
Players
team 1 (loser)

»
Intrigue (
orange | 83 APM | 1808 actions | 21:49)
3 Mountain King
2 Storm Bolt
1 Bash
3 Archmage
2 Summon Water Elemental
1 Brilliance Aura
» actions
| Assign group hotkey | 122 | |
| Basic commands | 5 | |
| Build / train | 62 | |
| ESC pressed | 2 | |
| Enter build submenu | 19 | |
| Enter hero's abilities submenu | 6 | |
| Give item / drop item | 2 | |
| Right click | 768 | |
| Select / deselect | 233 | |
| Select group hotkey | 535 | |
| Use ability | 54 | |
1808 total
» units
| Peasant | 10 | |
| Footman | 8 | |
| Mortar Team | 8 | |
| Rifleman | 9 | |
| Siege Engine | 3 | |
| Spell Breaker | 3 | |
41 total
» upgrades
» buildings
| Altar of Kings | 1 | |
| Farm | 10 | |
| Barracks | 1 | |
| Scout Tower | 1 | |
| Arcane Tower | 1 | |
| Arcane Vault | 1 | |
| Keep | 1 | |
| Blacksmith | 1 | |
| Workshop | 1 | |
| Castle | 1 | |
| Town Hall | 1 | |
| Arcane Sanctum | 1 | |
21 total
» build order
00:09 Altar of Kings
00:24 Farm
00:35 Barracks
00:45 Farm
01:22 Scout Tower
01:52 Arcane Tower
01:57 Farm
02:23 Arcane Vault
02:52 Farm
03:46 Keep
04:26 Blacksmith
04:36 Farm
06:15 Workshop
06:18 Farm
06:19 Farm
06:36 Castle
13:18 Town Hall
14:26 Farm
15:48 Arcane Sanctum
19:48 Farm
19:51 Farm
» items
| Scroll of Town Portal | 4 | |
| Scroll of Regeneration | 2 | |
| Potion of Healing | 1 | |
7 total
Audigy. (
yellow | 145 APM | 3166 actions | 21:46)
4 Keeper of the Grove
2 Entangling Roots
2 Thorns Aura
3 Priestess of the Moon
2 Trueshot Aura
1 Searing Arrows
» actions
| Assign group hotkey | 32 | |
| Basic commands | 152 | |
| Build / train | 70 | |
| ESC pressed | 2 | |
| Enter build submenu | 14 | |
| Enter hero's abilities submenu | 7 | |
| Give item / drop item | 2 | |
| Remove unit from queue | 7 | |
| Right click | 984 | |
| Select / deselect | 489 | |
| Select group hotkey | 1336 | |
| Use ability | 71 | |
3166 total
» units
| Wisp | 11 | |
| Archer | 3 | |
| Druid of the Talon | 6 | |
| Dryad | 10 | |
| Druid of the Claw | 4 | |
| Hippogryph | 2 | |
36 total
» upgrades
| Ultravision | 1 | |
| Strength of the Wild | 3 | |
| Reinforced Hides | 2 | |
| Druid of the Talon Training | 2 | |
| Abolish Magic | 1 | |
| Druid of the Claw Training | 2 | |
| Mark of the Claw | 1 | |
| Mark of the Talon | 0 | |
12 total
» buildings
| Altar of Elders | 1 | |
| Moon Well | 6 | |
| Ancient of War | 1 | |
| Tree of Ages | 1 | |
| Hunter's Hall | 1 | |
| Ancient of Wind | 1 | |
| Tree of Eternity | 1 | |
| Ancient of Lore | 2 | |
14 total
» build order
00:07 Altar of Elders
00:18 Moon Well
00:41 Ancient of War
01:42 Moon Well
02:37 Tree of Ages
04:19 Moon Well
04:50 Hunter's Hall
05:11 Ancient of Wind
05:32 Tree of Eternity
06:12 Ancient of Lore
06:13 Ancient of Lore
08:25 Moon Well
08:26 Moon Well
13:43 Moon Well
» items
| Lesser Clarity Potion | 1 | |
| Scroll of Regeneration | 1 | |
| Scroll of Town Portal | 1 | |
3 total
DCON.GURL (
teal | 51 APM | 2239 actions | 43:30)
8 Far Seer
2 Feral Spirit
3 Chain Lighting
1 Earth Quake
2 Far Sight
» actions
| Assign group hotkey | 50 | |
| Basic commands | 29 | |
| Build / train | 88 | |
| Enter build submenu | 33 | |
| Enter hero's abilities submenu | 8 | |
| Remove unit from queue | 3 | |
| Right click | 927 | |
| Select / deselect | 363 | |
| Select group hotkey | 551 | |
| Use ability | 187 | |
2239 total
» units
| Peon | 19 | |
| Goblin Shredder | 3 | |
| Wind Rider | 8 | |
| Goblin Zeppelin | 2 | |
| Goblin Sapper | 5 | |
| Troll Batrider | 3 | |
| Siege Engine | 4 | |
44 total
» upgrades
| Ranged Weapons | 2 | |
| Armor | 2 | |
| Reinforced Defenses | 1 | |
| Envenomed Spears | 1 | |
6 total
» buildings
| Altar of Storms | 1 | |
| Orc Burrow | 7 | |
| War Mill | 1 | |
| Voodoo Lounge | 1 | |
| Stronghold | 2 | |
| Watch Tower | 38 | |
| Beastiary | 3 | |
| Fortress | 2 | |
| Great Hall | 3 | |
58 total
» build order
00:06 Altar of Storms
00:18 Orc Burrow
01:09 War Mill
01:27 Voodoo Lounge
02:35 Stronghold
02:35 Stronghold
02:42 Orc Burrow
03:49 Orc Burrow
06:09 Watch Tower
06:40 Beastiary
06:40 Beastiary
08:03 Fortress
08:03 Fortress
09:04 Great Hall
09:07 Watch Tower
09:08 Watch Tower
09:09 Watch Tower
09:09 Watch Tower
09:12 Watch Tower
09:42 Orc Burrow
10:16 Watch Tower
10:18 Watch Tower
10:58 Watch Tower
10:58 Watch Tower
10:58 Watch Tower
11:08 Watch Tower
12:27 Beastiary
12:31 Watch Tower
12:36 Watch Tower
13:18 Orc Burrow
14:09 Watch Tower
15:53 Watch Tower
15:54 Watch Tower
15:54 Watch Tower
17:25 Orc Burrow
17:27 Watch Tower
18:09 Watch Tower
18:15 Watch Tower
19:22 Watch Tower
19:23 Watch Tower
20:36 Great Hall
22:01 Watch Tower
22:01 Watch Tower
22:01 Watch Tower
22:02 Watch Tower
22:03 Watch Tower
22:04 Watch Tower
22:05 Watch Tower
22:05 Watch Tower
22:05 Watch Tower
23:17 Watch Tower
23:17 Watch Tower
23:17 Watch Tower
23:18 Watch Tower
23:31 Orc Burrow
23:55 Watch Tower
23:58 Watch Tower
27:37 Great Hall
» items
| Healing Salve | 5 | |
| Potion of Healing | 3 | |
| Tiny Great Hall | 1 | |
| Orb of Lightning | 1 | |
| Scroll of Town Portal | 7 | |
| Potion of Mana | 1 | |
18 total
u_wot_m8 (
green | 46 APM | 1002 actions | 21:52)
4 Mountain King
2 Storm Bolt
2 Bash
» actions
| Assign group hotkey | 65 | |
| Basic commands | 1 | |
| Build / train | 76 | |
| ESC pressed | 1 | |
| Enter build submenu | 22 | |
| Enter hero's abilities submenu | 4 | |
| Remove unit from queue | 1 | |
| Right click | 472 | |
| Select / deselect | 217 | |
| Select group hotkey | 65 | |
| Use ability | 78 | |
1002 total
» units
| Peasant | 18 | |
| Footman | 17 | |
| Gryphon Rider | 4 | |
| Knight | 1 | |
| Dragonhawk Rider | 6 | |
46 total
» upgrades
| Swords | 2 | |
| Storm Hammers | 1 | |
| Masonry | 1 | |
| Lumber Harvesting | 1 | |
| Animal War Training | 1 | |
| Armor | 1 | |
7 total
» buildings
| Altar of Kings | 1 | |
| Farm | 8 | |
| Barracks | 1 | |
| Keep | 2 | |
| Scout Tower | 3 | |
| Lumber Mill | 1 | |
| Arcane Tower | 2 | |
| Blacksmith | 1 | |
| Guard Tower | 2 | |
| Castle | 2 | |
| Gryphon Aviary | 3 | |
| Arcane Vault | 1 | |
27 total
» build order
00:06 Altar of Kings
00:08 Farm
00:40 Barracks
00:51 Farm
01:40 Farm
02:24 Farm
04:17 Keep
04:17 Keep
04:19 Scout Tower
04:21 Lumber Mill
04:23 Scout Tower
04:25 Scout Tower
04:44 Arcane Tower
04:44 Arcane Tower
05:17 Blacksmith
05:18 Guard Tower
06:23 Farm
06:25 Farm
06:36 Farm
08:16 Castle
08:16 Castle
08:25 Gryphon Aviary
08:28 Gryphon Aviary
08:32 Gryphon Aviary
11:00 Arcane Vault
» items
| Scroll of Town Portal | 1 | |
| Potion of Healing | 3 | |
| Scroll of Speed | 1 | |
| Scroll of Regeneration | 1 | |
6 total
team 2 (winner)

»
DaBu (
red | 60 APM | 1779 actions | 29:24)
5 Keeper of the Grove
3 Force of Nature
2 Thorns Aura
3 Priestess of the Moon
2 Searing Arrows
1 Trueshot Aura
» actions
| Assign group hotkey | 86 | |
| Basic commands | 46 | |
| Build / train | 111 | |
| ESC pressed | 26 | |
| Enter build submenu | 48 | |
| Enter hero's abilities submenu | 8 | |
| Give item / drop item | 2 | |
| Right click | 548 | |
| Select / deselect | 408 | |
| Select group hotkey | 379 | |
| Use ability | 117 | |
1779 total
» units
| Wisp | 64 | |
| Archer | 6 | |
| Goblin Shredder | 1 | |
| Hippogryph | 8 | |
| Chimaera | 2 | |
81 total
» upgrades
| Ultravision | 1 | |
| Strength of the Moon | 1 | |
| Nature's Blessing | 1 | |
| Strength of the Wild | 3 | |
| Reinforced Hides | 3 | |
| Well Spring | 1 | |
| Corrosive Breath | 1 | |
11 total
» buildings
| Moon Well | 8 | |
| Altar of Elders | 1 | |
| Ancient of War | 2 | |
| Tree of Life | 10 | |
| Hunter's Hall | 2 | |
| Ancient Protector | 14 | |
| Tree of Ages | 1 | |
| Tree of Eternity | 1 | |
| Ancient of Wind | 3 | |
| Ancient of Wonders | 1 | |
| Chimaera Roost | 6 | |
49 total
» build order
00:20 Moon Well
00:34 Altar of Elders
01:24 Moon Well
01:44 Ancient of War
01:56 Ancient of War
02:04 Moon Well
05:03 Tree of Life
05:23 Hunter's Hall
05:41 Moon Well
06:16 Tree of Life
06:45 Tree of Life
08:09 Ancient Protector
08:10 Ancient Protector
08:25 Tree of Ages
08:33 Ancient Protector
08:37 Ancient Protector
08:38 Ancient Protector
09:18 Ancient Protector
09:37 Ancient Protector
09:48 Ancient Protector
10:07 Tree of Life
10:28 Ancient Protector
10:51 Ancient Protector
10:52 Ancient Protector
10:54 Tree of Eternity
10:59 Ancient of Wind
12:27 Hunter's Hall
12:31 Ancient of Wonders
13:20 Ancient Protector
13:22 Ancient Protector
13:26 Ancient Protector
13:31 Ancient of Wind
13:35 Ancient of Wind
13:51 Chimaera Roost
13:54 Chimaera Roost
14:45 Chimaera Roost
14:49 Moon Well
14:57 Moon Well
15:25 Chimaera Roost
15:57 Chimaera Roost
15:58 Chimaera Roost
16:11 Moon Well
17:43 Moon Well
18:45 Tree of Life
21:28 Tree of Life
21:43 Tree of Life
22:12 Tree of Life
23:08 Tree of Life
24:12 Tree of Life
» items
| Scroll of Town Portal | 1 | |
| Orb of Venom | 1 | |
| Potion of Healing | 2 | |
4 total

»
FortuneCookie (
purple | 81 APM | 3531 actions | 43:30)
5 Keeper of the Grove
3 Entangling Roots
2 Thorns Aura
5 Priestess of the Moon
3 Trueshot Aura
2 Scout
» actions
| Assign group hotkey | 307 | |
| Basic commands | 258 | |
| Build / train | 88 | |
| Enter build submenu | 33 | |
| Enter hero's abilities submenu | 11 | |
| Remove unit from queue | 1 | |
| Right click | 1245 | |
| Select / deselect | 521 | |
| Select group hotkey | 875 | |
| Use ability | 192 | |
3531 total
» units
| Wisp | 31 | |
| Huntress | 3 | |
| Dryad | 8 | |
| Druid of the Talon | 4 | |
| Glaive Thrower | 2 | |
| Chimaera | 4 | |
| Hippogryph | 6 | |
| Archer | 1 | |
59 total
» upgrades
| Abolish Magic | 1 | |
| Well Spring | 1 | |
| Vorpal Blades | 1 | |
| Nature's Blessing | 1 | |
| Reinforced Hides | 1 | |
5 total
» buildings
| Altar of Elders | 1 | |
| Moon Well | 10 | |
| Hunter's Hall | 1 | |
| Ancient of War | 2 | |
| Tree of Ages | 1 | |
| Ancient of Wind | 4 | |
| Ancient of Lore | 1 | |
| Ancient of Wonders | 2 | |
| Tree of Eternity | 1 | |
| Chimaera Roost | 1 | |
| Tree of Life | 3 | |
27 total
» build order
00:04 Altar of Elders
00:17 Moon Well
01:44 Hunter's Hall
01:58 Ancient of War
02:09 Moon Well
02:28 Ancient of War
03:30 Tree of Ages
04:23 Moon Well
05:09 Moon Well
06:27 Ancient of Wind
06:51 Ancient of Lore
06:55 Ancient of Wonders
07:11 Tree of Eternity
09:35 Chimaera Roost
10:12 Moon Well
12:20 Moon Well
12:21 Moon Well
17:21 Moon Well
17:22 Moon Well
17:36 Tree of Life
18:32 Moon Well
21:31 Tree of Life
27:21 Ancient of Wind
27:26 Ancient of Wind
28:58 Ancient of Wonders
29:01 Ancient of Wind
32:35 Tree of Life
» items
| Lesser Clarity Potion | 2 | |
| Healing Salve | 2 | |
| Scroll of Town Portal | 2 | |
| Scroll of Speed | 1 | |
7 total
goodluckbadluck (
blue | 108 APM | 4688 actions | 43:31)
5 Blademaster
3 Wind Walk
2 Critical Strike
3 Shadow Hunter
1 Hex
2 Healing Wave
» actions
| Assign group hotkey | 116 | |
| Basic commands | 358 | |
| Build / train | 124 | |
| ESC pressed | 12 | |
| Enter build submenu | 53 | |
| Enter hero's abilities submenu | 8 | |
| Give item / drop item | 1 | |
| Remove unit from queue | 2 | |
| Right click | 1446 | |
| Select / deselect | 483 | |
| Select group hotkey | 1845 | |
| Use ability | 240 | |
4688 total
» units
| Peon | 13 | |
| Grunt | 4 | |
| Goblin Shredder | 3 | |
| Wind Rider | 2 | |
| Troll Headhunter/Berserker | 6 | |
| Kodo Beast | 1 | |
| Raider | 2 | |
| Tauren | 2 | |
| Shaman | 3 | |
| Goblin Zeppelin | 4 | |
| Demolisher | 2 | |
| Goblin Sapper | 3 | |
45 total
» upgrades
| Armor | 3 | |
| Berserker Strength | 1 | |
| Pillage | 1 | |
| Ranged Weapons | 3 | |
| Reinforced Defenses | 1 | |
| Troll Regeneration | 1 | |
| Envenomed Spears | 1 | |
| Shaman Training | 2 | |
| Berserker Upgrade | 1 | |
| Melee Weapons | 3 | |
| War Drums Damage Increase | 1 | |
| Ensnare | 1 | |
| Pulverize | 2 | |
| Witch Doctor Training | 2 | |
| Spiked Barricades | 2 | |
| Burning Oil | 2 | |
| Liquid Fire | 1 | |
| Spirit Walker Training | 2 | |
30 total
» buildings
| Orc Burrow | 8 | |
| Altar of Storms | 1 | |
| Barracks | 2 | |
| Voodoo Lounge | 3 | |
| War Mill | 1 | |
| Stronghold | 2 | |
| Great Hall | 2 | |
| Watch Tower | 25 | |
| Fortress | 4 | |
| Beastiary | 2 | |
| Spirit Lodge | 1 | |
| Tauren Totem | 2 | |
53 total
» build order
00:38 Orc Burrow
00:53 Orc Burrow
01:34 Altar of Storms
01:54 Barracks
02:47 Voodoo Lounge
03:48 War Mill
03:57 Orc Burrow
04:47 Stronghold
04:47 Stronghold
05:58 Great Hall
07:39 Watch Tower
07:40 Watch Tower
07:58 Watch Tower
08:17 Voodoo Lounge
08:24 Voodoo Lounge
08:37 Orc Burrow
08:56 Fortress
08:56 Fortress
08:59 Watch Tower
09:03 Watch Tower
09:44 Watch Tower
09:46 Watch Tower
10:49 Watch Tower
10:53 Beastiary
10:55 Beastiary
13:20 Watch Tower
13:23 Watch Tower
13:25 Watch Tower
15:29 Spirit Lodge
15:32 Barracks
15:36 Watch Tower
17:19 Tauren Totem
17:48 Tauren Totem
19:07 Orc Burrow
19:56 Orc Burrow
20:02 Orc Burrow
20:05 Orc Burrow
24:33 Great Hall
24:35 Watch Tower
24:36 Watch Tower
24:37 Watch Tower
24:42 Watch Tower
24:43 Watch Tower
24:44 Watch Tower
24:50 Watch Tower
32:37 Watch Tower
32:38 Watch Tower
32:40 Watch Tower
32:42 Watch Tower
32:44 Watch Tower
32:51 Watch Tower
» items
| Healing Salve | 7 | |
| Lesser Clarity Potion | 7 | |
| Orb of Lightning | 2 | |
| Scroll of Town Portal | 4 | |
| Potion of Mana | 2 | |
| Potion of Healing | 1 | |
23 total
ROCKSTEADY (
pink | 53 APM | 2314 actions | 43:30)
9 Blademaster
3 Wind Walk
3 Critical Strike
1 Bladestorm
2 Mirror Image
» actions
| Assign group hotkey | 47 | |
| Basic commands | 117 | |
| Build / train | 107 | |
| Enter build submenu | 51 | |
| Enter hero's abilities submenu | 9 | |
| Give item / drop item | 5 | |
| Remove unit from queue | 3 | |
| Right click | 1029 | |
| Select / deselect | 515 | |
| Select group hotkey | 157 | |
| Use ability | 274 | |
2314 total
» units
| Peon | 8 | |
| Grunt | 5 | |
| Goblin Shredder | 1 | |
| Troll Batrider | 9 | |
| Wind Rider | 1 | |
| Goblin Zeppelin | 3 | |
| Goblin Sapper | 11 | |
38 total
» upgrades
| Reinforced Defenses | 1 | |
| Ranged Weapons | 3 | |
| Armor | 3 | |
| Troll Regeneration | 1 | |
| Envenomed Spears | 1 | |
| Liquid Fire | 1 | |
| Ensnare | 1 | |
| Pillage | 1 | |
| Spiked Barricades | 1 | |
| Melee Weapons | 1 | |
| War Drums Damage Increase | 1 | |
15 total
» buildings
| Orc Burrow | 14 | |
| Altar of Storms | 1 | |
| Barracks | 1 | |
| War Mill | 2 | |
| Voodoo Lounge | 7 | |
| Stronghold | 1 | |
| Watch Tower | 17 | |
| Great Hall | 3 | |
| Fortress | 1 | |
| Beastiary | 4 | |
51 total
» build order
00:13 Orc Burrow
00:53 Altar of Storms
00:56 Barracks
01:15 Orc Burrow
02:26 War Mill
03:08 Orc Burrow
03:14 Voodoo Lounge
04:41 Stronghold
05:14 Stronghold
05:33 Watch Tower
05:36 Watch Tower
06:03 Watch Tower
06:26 Great Hall
08:31 Voodoo Lounge
08:34 Fortress
09:08 Watch Tower
09:09 Watch Tower
09:11 Watch Tower
09:11 Watch Tower
11:10 Watch Tower
11:11 Watch Tower
11:12 Watch Tower
11:19 Watch Tower
11:20 Watch Tower
11:20 Watch Tower
11:21 Watch Tower
11:21 Watch Tower
12:11 Watch Tower
12:11 Watch Tower
12:25 Orc Burrow
13:14 War Mill
13:33 Beastiary
13:35 Beastiary
13:38 Beastiary
13:40 Beastiary
14:00 Voodoo Lounge
14:04 Voodoo Lounge
14:09 Voodoo Lounge
14:12 Voodoo Lounge
14:15 Voodoo Lounge
34:34 Great Hall
34:39 Great Hall
40:56 Orc Burrow
41:33 Orc Burrow
42:11 Orc Burrow
42:51 Orc Burrow
43:03 Orc Burrow
43:07 Orc Burrow
43:11 Orc Burrow
43:14 Orc Burrow
43:17 Orc Burrow
43:22 Orc Burrow
» items
| Healing Salve | 5 | |
| Potion of Mana | 9 | |
| Scroll of Town Portal | 5 | |
| Lesser Clarity Potion | 8 | |
| Orb of Lightning | 1 | |
| Potion of Healing | 8 | |
| Orb of Venom | 1 | |
| Anti-magic Potion | 1 | |
38 total
Chat log
(00:28 / All) u_wot_m8: boom boom boom
(00:35 / All) goodluckbadluck: oh finally got a game
(00:35 / All) u_wot_m8: oh let me say wayyo
(00:44 / All) goodluckbadluck: did I miss much or did it just start
(00:47 / All) u_wot_m8: i mean let me hear you say wayyo
(00:54 / Allies) DaBu: just started
(00:56 / Allies) FortuneCookie: didnt miss much
(00:59 / All) u_wot_m8: you missed like
(01:04 / All) ROCKSTEADY: anyone else a /big Boy/ here?
(01:05 / All) u_wot_m8: 9 seconds
(01:17 / All) goodluckbadluck: "k
(01:24 / All) u_wot_m8: idk how many inches do you need
(01:27 / Allies) FortuneCookie: they dont have an ud, 2 hu
(01:29 / All) u_wot_m8: to be considered /Big Boy/
(01:34 / All) u_wot_m8: ?
(01:58 / All) u_wot_m8: 6?
(02:40 / Allies) FortuneCookie: yellow trying to expand early teal also
(02:46 / Allies) FortuneCookie: green and orange both mk
(02:51 / Allies) goodluckbadluck: I expo here
(03:35 / Allies) DaBu: i expo here
(04:17 / Allies) FortuneCookie: coming pink
(04:20 / Allies) FortuneCookie: chase him
(04:21 / Allies) goodluckbadluck: we're fine
(05:41 / All) ROCKSTEADY: WERE THE KIDS IN AMERICA
(05:42 / All) ROCKSTEADY: WOAH
(06:58 / Allies) FortuneCookie: brt
(07:26 / Allies) ROCKSTEADY: wtf team
(08:18 / Allies) DaBu: i forced tp
(08:25 / Allies) FortuneCookie: cool
(08:34 / Allies) FortuneCookie: let's push green?
(10:58 / Allies) FortuneCookie: to green main?
(11:03 / Allies) DaBu: sure
(11:18 / Allies) DaBu: lets scout expos
(11:29 / Allies) goodluckbadluck: scouted
(11:29 / Allies) ROCKSTEADY: was gonna use ur shop
(11:38 / Allies) ROCKSTEADY: for a tp
(11:43 / Allies) ROCKSTEADY: sigh
(11:58 / Allies) FortuneCookie: i root it
(11:59 / Allies) FortuneCookie: go back
(12:04 / Allies) ROCKSTEADY: I'll get it later
(12:34 / Allies) goodluckbadluck: ty
(12:45 / Allies) FortuneCookie: im b
(12:48 / All) FortuneCookie: lucky as fuck on that
(12:50 / Allies) ROCKSTEADY: do you still have latency hak
(12:56 / Allies) goodluckbadluck: it doesn't exist anymore
(12:59 / All) ROCKSTEADY: and that's why I anted tp
(13:00 / All) ROCKSTEADY: sigh alwl
(13:06 / All) ROCKSTEADY: gosh dern it
(13:26 / Allies) ROCKSTEADY: I shouldn't have been tpying there
(13:28 / Allies) FortuneCookie: yo get some aa
(14:14 / Allies) FortuneCookie: get rdy
(14:27 / Allies) FortuneCookie: wow pink 0 units gonna fuck us here
(15:38 / Allies) FortuneCookie:
(15:39 / Allies) DaBu: a little HELP
(16:04 / Allies) DaBu: tyty
(16:11 / All) ROCKSTEADY: fuck
(16:27 / Allies) FortuneCookie: orange going alone come
(16:29 / Allies) FortuneCookie: gank him
(16:51 / All) ROCKSTEADY: sdfjksdafkj
(16:52 / All) ROCKSTEADY: lawl
(16:56 / All) u_wot_m8: you suck m8
(17:01 / All) ROCKSTEADY: you got lucky fucking idiot
(17:05 / All) u_wot_m8: right
(17:11 / All) ROCKSTEADY: yeah right
(17:13 / All) ROCKSTEADY: my path got blocked
(17:19 / All) u_wot_m8: rly
(17:22 / All) u_wot_m8: ;/
(17:32 / All) ROCKSTEADY: AND
(17:36 / All) ROCKSTEADY: I ran thru teals towers
(17:36 / Allies) goodluckbadluck: inc my base
(17:43 / All) u_wot_m8: yeah that suck
(18:24 / All) ROCKSTEADY: got you prick
(18:28 / All) u_wot_m8: so?
(18:31 / All) u_wot_m8: you waste tp
(18:37 / All) u_wot_m8: and came here while we raping yall
(18:42 / Allies) ROCKSTEADY: gold
(19:07 / Allies) FortuneCookie: red that goldmine is mine
(19:14 / Allies) DaBu: kk
(19:15 / Allies) FortuneCookie: cancel
(19:44 / Allies) ROCKSTEADY: gold
(19:49 / Allies) ROCKSTEADY: gold
(19:54 / Allies) ROCKSTEADY: gold
(20:07 / Allies) FortuneCookie: back red
(20:10 / Allies) FortuneCookie: ya
(21:37 / All) u_wot_m8: git owned
(21:40 / All) ROCKSTEADY: lol
(21:42 / All) ROCKSTEADY: klike your base
(21:47 / All) u_wot_m8: so?
(21:49 / All) u_wot_m8: m8 git owned
(21:54 / All) goodluckbadluck: wow
(21:56 / All) goodluckbadluck: raped
(21:58 / All) ROCKSTEADY: lawl
(22:02 / All) DaBu: gg :]
(22:06 / All) ROCKSTEADY: We both went for htat int item lawl
(22:13 / All) ROCKSTEADY: if I hadn't I would have killed him lawl
(22:18 / All) ROCKSTEADY: he would have died for 50 gold item
(23:54 / Allies) DaBu: WTF
(23:56 / Allies) DaBu: why u tk?
(24:02 / Allies) FortuneCookie: cmon man dont tk
(24:07 / Allies) DaBu: rocksteady tk
(24:17 / Allies) goodluckbadluck: red is tking?
(24:21 / Allies) DaBu: no
(24:26 / Allies) DaBu: rocksteady
(24:27 / Allies) goodluckbadluck: move
(24:31 / Allies) DaBu: just used bats on my building
(24:33 / All) DaBu: FUCK YOU
(24:39 / All) DaBu: you destroyed my expo with your bats
(24:39 / All) goodluckbadluck: red you tked him?
(24:40 / All) DaBu: U stupid fuck
(24:46 / All) DaBu: blue:
(24:52 / All) DaBu: pink tk'd me
(24:59 / All) goodluckbadluck: you tked pink first and killed his bats
(25:03 / All) DaBu: bullshit
(25:12 / All) goodluckbadluck: I think you're making up excuses to tk
(25:31 / Allies) DaBu: fuck off
(25:44 / Allies) DaBu: im trying to win lol
(25:49 / All) goodluckbadluck: I really hate tkers like red
(25:54 / All) DaBu: dude
(25:56 / All) DaBu: im not tking
(25:56 / Allies) goodluckbadluck: pink want to team up and kill this tker?
(25:58 / All) DaBu: i defended my base
(26:09 / All) ROCKSTEADY: tking my bats was not cool
(26:11 / All) DaBu: DUDE
(26:13 / All) DaBu: STFU
(26:20 / All) ROCKSTEADY: I don't like tks like red
(26:25 / Allies) FortuneCookie: red watch ur heroes
(26:31 / All) ROCKSTEADY: he killed my bats I just hit him back for that
(26:42 / All) DaBu: dude
(26:46 / All) DaBu: I work a factory job full time
(26:54 / All) DaBu: im just trying to relax and enjoy a fucking 4v4 after a hard day's work
(26:58 / All) DaBu: stop with your bullshit
(27:01 / All) DCON.GURL: lawl
(27:04 / All) DaBu: i know you're in on it with your buttbuddy pink
(27:07 / All) goodluckbadluck: and you relax by tking?
(27:07 / All) ROCKSTEADY: I didn't do anything wrong
(27:12 / All) goodluckbadluck: fucking psychopath ruining other people's fun, red
(27:16 / All) DaBu: peace
(27:21 / All) DaBu: tking buttfags
(27:23 / All) goodluckbadluck: get a hobby
(27:25 / All) goodluckbadluck: stop tking
(27:30 / All) DaBu: eat my asshole
(27:39 / All) goodluckbadluck: takes a real sicko to tk for fun bro
(27:40 / All) DaBu: if i could go back in time and molest your little fucking pink butthole as a baby
(27:42 / All) DCON.GURL: me > red
(27:49 / All) DaBu: i would fucking rape your little toddler ass
(27:51 / All) DaBu: over and over
(27:52 / All) DaBu: and over
(27:53 / All) DaBu: and over
(27:55 / All) goodluckbadluck: psycho
(27:55 / All) DCON.GURL: wtf
(27:58 / All) goodluckbadluck: what did I tell you wtf
(27:58 / Allies) FortuneCookie: come defend my expo bruhs
(28:05 / All) goodluckbadluck: he tks us and now is wishing he could MOLEST us as children
(28:13 / All) ROCKSTEADY: I did nothing wrong, you attacked my bats like a true maniac
(28:16 / All) goodluckbadluck: red get some fucking psychiatric help
(28:17 / All) ROCKSTEADY: now you threaten my life
(28:18 / All) goodluckbadluck: you got problems bro
(28:19 / All) DaBu: dude
(28:27 / All) DaBu: you attacked me first
(28:31 / All) goodluckbadluck: red the first step to recovery is admitting you have a problem
(28:34 / All) DaBu: You used your bats on my tree of life and killed it
(28:36 / All) goodluckbadluck: stop being in denial
(28:39 / All) ROCKSTEADY: No
(28:45 / All) ROCKSTEADY: You attacked my bats and then I attacked your tree of life
(29:15 / All) ROCKSTEADY: I have the replay to prove it
(29:28 / All) goodluckbadluck: watch replay after and you see what a sick fuck red is
(29:43 / All) ROCKSTEADY: he couldn't handle that trump card
(29:43 / All) goodluckbadluck: seriously, some people have problems
(30:37 / All) goodluckbadluck: purple is a well known tker too
(30:41 / All) goodluckbadluck: think this sick fuck was working with red
(30:52 / All) goodluckbadluck: he's on my black list, just checked it
(31:08 / All) goodluckbadluck: two tkers on my list in one game, sad days for WC3
(31:25 / All) FortuneCookie: more like blue is buttmates with teal
(31:27 / Allies) goodluckbadluck: purp anything to say for yourself sicko?
(31:38 / All) goodluckbadluck: don't make up stories to cope
(31:38 / All) FortuneCookie: or maybe he virgin thinks teal is a real girl lmao
(31:43 / All) goodluckbadluck: you're an asshole, admit it
(31:46 / All) DCON.GURL: why do you take 4v4 so seriously purple
(32:01 / All) FortuneCookie: you stayed in a lost game for 30 mins because blue is your friend
(32:18 / All) ROCKSTEADY: woooooo
(32:18 / All) DCON.GURL: lawl
(32:24 / All) goodluckbadluck: lol both tped
(32:49 / All) ROCKSTEADY: I could have sacrifed health stone
(33:00 / All) ROCKSTEADY: map hacks
(33:08 / Allies) goodluckbadluck: look at this bastard
(33:14 / Allies) goodluckbadluck: pink can you believe this guy
(33:20 / Allies) goodluckbadluck: I think purp tks every game
(33:24 / All) ROCKSTEADY: lawl
(33:35 / All) DCON.GURL: leave purple gimme my win
(33:49 / All) goodluckbadluck: purple has problems man
(33:55 / All) FortuneCookie: nah you only getting a win if blue and/or pink tks every single one of their buildings
(33:58 / All) goodluckbadluck: Purp I'm reporting you to blizzard
(34:04 / All) goodluckbadluck: kiss your CD key goodbye
(34:06 / All) DCON.GURL: damn he catch on quick
(34:15 / All) ROCKSTEADY: We needa tavern
(34:56 / All) ROCKSTEADY: it won't save your hero
(35:10 / All) FortuneCookie: what's funny is you guys get manhandled even with friends trying to sabotage our game
(35:11 / All) DCON.GURL: kazil is going to middle
(35:28 / All) goodluckbadluck: purp stfu stop trying to call others the teamkillers
(35:33 / All) DCON.GURL: trump gonna deport you purple
(35:35 / All) goodluckbadluck: delusional cunt
(35:36 / All) DCON.GURL: watch yo mouth
(35:55 / All) DCON.GURL: rofl
(35:57 / All) DCON.GURL: dabu whispering me
(36:07 / All) DCON.GURL: "u stupid fucks"
(36:08 / All) goodluckbadluck: what's that tker saying
(36:17 / All) DCON.GURL: i would molest you as a kid if ic ould
(36:21 / All) goodluckbadluck: lol
(36:55 / All) DCON.GURL: ah
(37:01 / Allies) goodluckbadluck: kill your shit
(37:05 / All) DCON.GURL: purple is undefeated. that is why he is so salty right now
(37:14 / Allies) FortuneCookie: idk if you're legit trying to win this game pink, but you're gonna have to make tauren to counter blue's army
(37:20 / Allies) goodluckbadluck: lol
(37:22 / All) DCON.GURL: well
(37:22 / Allies) FortuneCookie: use towers pink
(37:29 / All) DCON.GURL: purple is now 2-1
(37:46 / All) goodluckbadluck: he did this to himself
(37:59 / All) DCON.GURL: purple be honest . i owned you the other day. u bragged about being 12-1
(38:24 / All) FortuneCookie: hm?
(38:39 / All) FortuneCookie: are you that retard who tried to talk shit and then got in 1v1 and got embarrassed?
(38:55 / All) FortuneCookie: because that's what happens everytime somebody talks shit to me and tries to step up in solo
(38:58 / All) DCON.GURL: retard is a very offensive term
(38:59 / All) FortuneCookie: from rt
(39:03 / All) ROCKSTEADY: ET TU TOWER?
(39:06 / All) FortuneCookie: if the shoe fits
(39:21 / All) DCON.GURL: aka kodos_forsaken meh nigga
(39:28 / All) goodluckbadluck: grubby #1
(39:32 / All) goodluckbadluck: grubby > kodos
(39:38 / All) FortuneCookie: if that's your aka you're 1-3 vs me so...
(39:42 / All) FortuneCookie: get wrekt?
(39:54 / All) DCON.GURL: lawl
(39:57 / All) DCON.GURL: this guy is so full of shit
(39:59 / All) ROCKSTEADY: wtf
(40:02 / All) FortuneCookie: in fact i lich tower rushed your dumbass if that's you
(40:03 / All) ROCKSTEADY: why my towers attacking my stuff
(40:05 / All) DCON.GURL: afk watching youtube
(40:05 / All) goodluckbadluck: I have control hack pink
(40:07 / All) FortuneCookie: posted wcr
(40:14 / All) goodluckbadluck: teamkillers purp and red die
(41:01 / All) goodluckbadluck: anything to say for yourself, purp?
(41:05 / All) goodluckbadluck: reporting you to blizzard
(41:06 / All) FortuneCookie: congrats on your buttboys helping you teal, if you keep that account i'll correct your stats when i see you
(41:08 / All) goodluckbadluck: enjoy your ban for tking
(41:19 / All) goodluckbadluck: hope you enjoyed WC3 while you could, purp
(41:26 / All) goodluckbadluck: this is your last game on that CD key
(41:33 / All) DCON.GURL: 2-1 purple. GG
(41:36 / All) FortuneCookie: lol a) blizz isnt banning anyone for anything on wc3 for like 9 years
(41:40 / All) FortuneCookie: b) you're the one tking moron
(41:45 / All) goodluckbadluck: you're the tker
(41:48 / All) ROCKSTEADY: if we all report you
(41:51 / All) goodluckbadluck: everyone knows you tked purple
(41:51 / All) ROCKSTEADY: you'll get banned
(41:56 / All) goodluckbadluck: pink and I are going to report you for sure
(41:59 / All) ROCKSTEADY: blizzard rocks imo
(42:04 / All) goodluckbadluck: teal, watch replay and report pink too/?
(42:05 / All) FortuneCookie: if you all report me it'll go to the automated unused reporting system, knock yourself out
(42:24 / All) goodluckbadluck: going to whisper teal after game, he'll report you too for sure
(42:34 / All) FortuneCookie: get all 3 of yourselves banned :) won't bother me i'll still be on bnet playing
(42:47 / All) goodluckbadluck: you're getting banned, fella
(42:49 / All) goodluckbadluck: BANNED!